 Dungeon Crawl Stone Soup version 0.22-a0-458-gb446440 (webtiles) character file.

46 nikopol the Firebug (level 3, 0/19 HPs)
             Began as a Deep Elf Fire Elementalist on June 8, 2018.
             Succumbed to an adder's poison
             ... on level 2 of the Dungeon.
             The game lasted 00:03:37 (1108 turns).

nikopol the Firebug (Deep Elf Fire Elementalist)    Turns: 1108, Time: 00:03:38

Health: 0/19       AC:  2    Str:  5    XL:     3   Next: 44%
Magic:  0/10       EV: 13    Int: 20    God:
Gold:   29         SH:  0    Dex: 15    Spells: 3/9 levels left

rFire    . . .     SeeInvis .   (no weapon)
rCold    . . .     Gourm    .   (no shield)
rNeg     . . .     Faith    .   a - +0 robe
rPois    .         Spirit   .   (no helmet)
rElec    .         Reflect  .   (no cloak)
rCorr    .         Harm     .   (no gloves)
MR       .....                  (no boots)
Stlth    ++........             (no amulet)
HPRegen  0.06/turn              (no ring)
MPRegen  0.12/turn              (no ring)

@: lethally poisoned (0 -> -3), berserk cooldown, very slightly contaminated,
slowed, very slow
A: no striking features
a: no special abilities


You were on level 2 of the Dungeon.
You were not hungry.

You visited 1 branch of the dungeon, and saw 2 of its levels.

You collected 29 gold pieces.

Inventory:

Armour
 a - a +0 robe (worn)
Scrolls
 b - 2 scrolls of remove curse {unknown}
Comestibles
 c - a ration


   Skills:
 + Level 2.7 Dodging
 + Level 2.4 Stealth
 + Level 3.6 Spellcasting
 + Level 1.6 Conjurations
 + Level 4.2 Fire Magic


You had 3 spell levels left.
You knew the following spells:

 Your Spells              Type           Power        Failure   Level  Hunger
a - Flame Tongue          Conj/Fire      ###..        4%          1    None
b - Throw Flame           Conj/Fire      ###...       6%          2    ##.....
c - Conjure Flame         Conj/Fire      ###.....     12%         3    ###....

Your spell library contained the following spells:

 Spells                   Type           Power        Failure   Level  Hunger
 Fireball                 Conj/Fire      ###.......   73%         5    ######.
 Sticky Flame             Conj/Fire      ###.....     36%         4    ####...
 Inner Flame              Hex/Fire       ##......     17%         3    ###....


Dungeon Overview and Level Annotations

Branches:
Dungeon (2/15)

Altars:


Message History

* * * LOW HITPOINT WARNING * * *
You feel sick.
You see here 2 chunks of flesh.
You feel your anger nearly subside.
You are no longer berserk.
You pass out from exhaustion.
You feel yourself slow down.
You can move again.
You see here a stone.
* * * LOW HITPOINT WARNING * * *
You feel sick.
You see here 2 chunks of flesh.
Casting: Flame Tongue (safe; 4% risk of failure)
Confirm with . or Enter, or press ? or * to list all spells.
Aiming: Flame Tongue (safe; 4% risk of failure)
Press: ? - help, Shift-Dir - straight line, f - hobgoblin
Aim: a hobgoblin, wielding a club (hasn't noticed you)
The flame tongue hits the hobgoblin.
The hobgoblin is severely wounded.
The hobgoblin shouts!
You die...

... #..##.# ....
#<(...# ##
.....##)####....
g............#
....###..###....
....####(## #
..(...g%.#
##.......#
#.....@.#
#........#
#......#.#
#......#.#
########.. ...
..# ..


You could see a hobgoblin.

Vanquished Creatures
  An adder (D:2)
  2 dart slugs (D:1)
  2 giant cockroaches (D:1)
  5 goblins (D:1)
  3 hobgoblins
  2 jackals (D:1)
  5 kobolds
  A quokka (D:2)
  4 bats (D:1)
  A frilled lizard (D:1)
  4 rats (D:1)
30 creatures vanquished.

Notes
Turn   | Place    | Note
-------+----------+-------------------------------------------
     0 | D:1      | nikopol the Deep Elf Fire Elementalist began the quest for the Orb.
     0 | D:1      | Reached XP level 1. HP: 10/10 MP: 6/6
   169 | D:1      | Reached XP level 2. HP: 7/15 MP: 5/8
   545 | D:1      | Reached skill level 4 in Fire Magic
   730 | D:1      | Reached XP level 3. HP: 17/19 MP: 6/9
  1084 | D:2      | Learned a level 2 spell: Throw Flame
  1088 | D:2      | Learned a level 3 spell: Conjure Flame
  1108 | D:2      | Succumbed to an adder's poison

Vault maps used:
D:1:      minmay_arrival_plants_in_alcoves, serial_bayou_ford_a,
          minmay_misc_feat_doors
D:2:      nicolae_overflow_hidden_temple

Skill      XL: |  1  2 |
---------------+-------+-----
Fire Magic     | 4 |  4.2
Dodging        | |  2.7
Stealth        | |  2.4
Spellcasting   | |  3.6
Conjurations   | |  1.6

Action                   || total
-------------------------++-------
Melee: Unarmed           ||     1
 Cast: Flame Tongue      ||    60
  Use: Potion            ||     1
Armor: Robe              ||    11
Dodge: Dodged            ||    34

Table legend:
 A = Spawn XP
 B = Non-spawn XP
 C = Spawn XP percentage of total XP
 D = Spawn monster count
 E = Non-spawn monster count
 F = Spawn count percentage of total count
 G = Total turns spent on level
                    A         B        C        D         E        F      G
               +---------+---------+-------+---------+---------+-------+---------
         Total |       0 |      66 |   0.0 |       0 |      30 |   0.0 |  1108
               +---------+---------+-------+---------+---------+-------+---------
           D:1 |       0 |      47 |   0.0 |       0 |      26 |   0.0 |  1060
           D:2 |       0 |      19 |   0.0 |       0 |       4 |   0.0 |    48
               +---------+---------+-------+---------+---------+-------+---------
